 Dungeon Crawl Stone Soup version 0.19.0-23-gf02e663 (webtiles) character file.

221874 Exaltedone87 the Severer (level 18, -20/137 HPs)
             Began as a Deep Dwarf Fighter on Nov 20, 2016.
             Was the Champion of Makhleb.
             Demolished by an azure jelly (38 damage)
             ... created by the Royal Jelly
             ... on level 4 of the Pits of Slime.
             The game lasted 01:42:48 (24985 turns).

Exaltedone87 the Severer (Deep Dwarf Fighter)      Turns: 24985, Time: 01:42:50

Health: -20/137    AC: 13    Str: 21 (23) XL:     18   Next: 51%
Magic:  20/20      EV: 15    Int: 10      God:    Makhleb [******]
Gold:   2686       SH: 36    Dex: 10      Spells: 0 memorised, 17 levels left

rFire  . . .     SeeInvis +     C - +4 war axe (flame)
rCold  . . .     Gourm    .     N - +3 scale mail {rC+}
rNeg   + . .     Faith    .     o - +13 large shield "Bojyitao" {rPois rC- rCorr Slay+6}
rPois  +         Spirit   .     X - +0 helmet
rElec  .         Reflect  +     l - +0 cloak
rCorr  +         Harm     .     z - +0 pair of gloves
MR     ++...     Rnd*Tele +     (no boots)
Stlth  ..........               F - +3 amulet of reflection
                                b - +4 ring of protection
                                x - ring of see invisible

@: corroded, non-regenerating
A: damage resistance, recharge devices, repulsion field 1, iridescent scales 1,
blurry vision 1, clumsy 1, deformed body, deterioration 2, frail 2, low mp 2,
negative energy resistance 1, sense surroundings 3, slow regeneration 3,
teleportitis 1, weak 2, subdued magic 1, MP-powered wands
a: Device Recharging, Minor Destruction, Lesser Servant of Makhleb, Major
Destruction, Greater Servant of Makhleb, Renounce Religion
}: 1/15 runes: serpentine


You were on level 4 of the Pits of Slime.
You worshipped Makhleb.
Makhleb was exalted by your worship.
You were full.

You visited 6 branches of the dungeon, and saw 33 of its levels.

You collected 2686 gold pieces.

Inventory:

Hand Weapons
 C - a +4 war axe of flaming (weapon)
 D - a +5 eveningstar
 M - a +0 broad axe
Missiles
 R - 2 throwing nets (quivered)
Armour
 l - a +0 cloak (worn)
 o - the +13 large shield "Bojyitao" (worn) {rPois rC- rCorr Slay+6}
   (You acquired it on level 4 of the Snake Pit)

   It affects your accuracy and damage with ranged weapons and melee attacks
   (+6).
   It makes you vulnerable to cold.
   It protects you from poison.
   It protects you from acid and corrosion.
 z - a +0 pair of gloves (worn)
 N - a +3 scale mail of cold resistance (worn)
 X - a +0 helmet (worn)
Jewellery
 b - a +4 ring of protection (right hand)
 i - an uncursed ring of magical power
 x - a ring of see invisible (left hand)
 F - a +3 amulet of reflection (around neck)
 S - an uncursed ring of poison resistance
 V - an uncursed ring of positive energy
Wands
 a - a wand of enslavement (17/24)
 d - a wand of lightning (6/15)
 e - a wand of heal wounds (1/9)
 m - a wand of teleportation (5/9)
 p - a wand of flame (35/48)
 y - a wand of teleportation (6/9)
 I - a wand of iceblast (8/15)
 J - a wand of teleportation (3/9)
 K - a wand of digging (5/24)
 W - a wand of heal wounds (6/9)
Scrolls
 h - 2 scrolls of magic mapping
 n - 2 scrolls of fear
 t - 8 scrolls of remove curse
 v - 3 scrolls of identify
 B - 4 scrolls of blinking
 G - 6 scrolls of amnesia
 L - 2 scrolls of fog
 P - 8 scrolls of teleportation
Potions
 k - 2 potions of invisibility
 q - 4 potions of might
 r - a potion of resistance
 s - 6 potions of curing
 u - 3 potions of mutation
 A - a potion of brilliance
 O - 2 potions of cancellation
 Q - 2 potions of cure mutation
Miscellaneous
 H - a phial of floods
Comestibles
 f - 4 bread rations
 g - 33 fruits
 j - 18 meat rations
 w - 11 slices of pizza
 E - 6 beef jerkies
 T - 11 royal jellies


   Skills:
 + Level 13.6 Fighting
 + Level 18.4 Axes
 + Level 15.0 Armour
 + Level 12.2 Dodging
 * Level 16.0 Shields
 + Level 14.4 Invocations


You had 17 spell levels left.
You didn't know any spells.

Dungeon Overview and Level Annotations

Branches:
Dungeon (15/15)            Temple (1/1) D:4            Lair (6/6) D:9
 Shoals (0/4) Lair:2        Snake (4/4) Lair:3        Slime (5/5) Lair:6
    Orc (2/2) D:12            Elf (0/3) Orc:2        Vaults (0/5) D:14
 Depths (0/5) D:15

Altars:
Ashenzari
Cheibriados
Dithmenos
Elyvilon
Fedhas
Hepliaklqana
Kikubaaqudgha
Makhleb
Nemelex Xobeh
Sif Muna
Trog
Uskayaw
Xom
Yredelemnul
The Shining One
Jiyva

Shops:
D:14 :   Orc:2 **:

Portals:
Hell: Lair:6

Annotations:
Slime:5 Royal Jelly


Innate Abilities, Weirdness & Mutations

You are resistant to damage.
You can recharge devices by infusing magical energy.
You resist negative energy. (rN+)
You passively map a large area around you.
You do not regenerate.
You are surrounded by a mild repulsion field. (EV +2)
You are partially covered in iridescent scales. (AC +2)
Scrolls take you a little longer to read.
You are clumsy. (Dex -2)
Armour fits poorly on your strangely shaped body.
Your body often deteriorates upon taking damage.
You are very frail. (-20% HP)
Your magical capacity is very low. (-20% MP)
You are occasionally teleported next to monsters.
You are very weak. (Str -4)
Your spells are a little easier to cast, but a little less powerful.
You expend magic power (3 MP) to strengthen your wands.


Message History

The acid burns!
You resist.
* * * LOW HITPOINT WARNING * * *
The azure jelly hits you.
* * * LOW HITPOINT WARNING * * *
The azure jelly freezes you!
* * * LOW HITPOINT WARNING * * *
You block the azure jelly's attack. The azure jelly hits you.
The azure jelly hits you but does no damage.
Really read with blurry vision while enemies are nearby? [Y]es or [N]o only, please.
Really read with blurry vision while enemies are nearby? [Y]es or [N]o only, please.
Really read with blurry vision while enemies are nearby?
The acid blob spits acid at you.
The splash of acid reflects off an invisible shield around you!
The splash of acid hits the acid blob.
The acid blob completely resists.
You block the azure jelly's attack. The azure jelly hits you!
* * * LOW HITPOINT WARNING * * *
The azure jelly freezes you!!!
You die...

* , , , * *
,......**#...... ,
, * ......#
....... , * ,,
.......#....G.. *
. ........J...., ,
,,*..............,
* ,*
..#.#........# , *
, ..J..JJ......#.
,
,,..J...J@.......
* , ,,
......JJ.#..... ,
........... ... *
, * .............
. *, , ,*
#........<...# ,*
#...........## *
##.#........# *
###......... , ,


You could see an acid blob, 2 azure jellies, 5 slime creatures and a shining
eye.

Vanquished Creatures
  13 acid blobs
  Gastronok (D:10)
  4 azure jellies
  8 nagarajas
  Aizul (Snake:4)
  A stone giant (shapeshifter) (D:15)
  A dire elephant (Lair:6)
  2 death oozes (Slime:5)
  The ghost of Hrodulf the Grappler, a journeyman TrBe of Trog (Lair:1)
  Erolcha (D:10)
  3 great orbs of eyes
  Harold (D:10)
  A vault guard (D:14)
  10 naga warriors
  11 hydras
  3 rakshasas (D:15)
  16 anacondas
  4 death knights (D:12)
  A centaur warrior (D:14)
  11 death yaks
  2 tengu warriors (D:15)
  7 naga sharpshooters
  An orc high priest (Orc:2)
  8 shock serpents
  Urug (D:11)
  A fire crab (Lair:6)
  7 salamander mystics
  3 skeletal warriors (D:12)
  A sixfirhy (Lair:6)
  A deep troll (D:14)
  3 unseen horrors
  10 naga ritualists
  A glowing orange brain (Slime:5)
  2 wizards
  3 hill giants
  An orange crystal statue (Snake:1)
  4 lindwurms (Snake:4)
  An orc knight (Orc:2)
  2 deep elf magi
  6 shining eyes
  21 mana vipers
  15 ugly things
  A salamander (shapeshifter) (D:15)
  5 orc sorcerers (Orc:2)
  9 cyclopes
  11 salamanders
  A smoke demon (Lair:6)
  A guardian serpent (shapeshifter) (D:11)
  24 naga magi
  A torpor snail (Lair:6)
  42 black mambas
  A siren (Lair:2)
  10 guardian serpents
  An eye of devastation (Slime:2)
  2 gargoyles (D:14)
  Psyche (D:9)
  5 orange demons (Lair:6)
  11 spiny frogs
  4 rime drakes
  3 ice devils (Lair:6)
  7 komodo dragons
  An efreet (D:14)
  2 kobold demonologists
  A hellwing (Lair:6)
  3 meliai (D:13)
  A red devil (Lair:6)
  A queen bee (D:13)
  7 trolls
  A two-headed ogre (D:11)
  A polar bear (Lair:3)
  13 blink frogs
  7 hippogriffs
  2 hornets
  2 dream sheep (D:9)
  78 slime creatures
  6 wyverns
  3 wraiths
  Grum (Lair:1)
  13 vampire mosquitoes
  6 golden eyes (Slime:4)
  A hungry ghost (D:15)
  32 yaks
  2 basilisks
  5 wargs
  2 soldier ants
  45 nagas
  18 water moccasins
  3 porcupines (Lair:4)
  2 ice beasts
  6 eyes of draining
  A necrophage (D:12)
  19 ogres
  20 orc warriors
  3 sky beasts
  2 black bears
  2 wolves (Lair:1)
  4 boggarts (D:15)
  9 centaurs
  18 crocodiles
  7 big kobolds
  16 bullfrogs
  7 gnoll sergeants
  4 scorpions
  14 killer bees (D:13)
  9 wights
  4 howler monkeys (D:11)
  4 crimson imps
  5 centaur zombies
  4 jellies
  2 quasits
  A bullfrog skeleton (D:10)
  A bullfrog zombie (D:9)
  6 hounds
  29 orc wizards
  6 centaur skeletons
  3 iguanas
  22 orc priests
  Jessica (D:3)
  12 worker ants
  2 hound zombies
  2 hound skeletons
  A worker ant zombie (D:7)
  15 gnolls
  13 adders
  6 shadow imps
  An ooze (D:6)
  2 adder skeletons (D:8)
  2 worms
  4 dart slugs
  4 leopard geckos
  57 orcs
  A ball python (D:1)
  9 bats
  4 giant cockroaches
  5 goblins
  10 hobgoblins
  9 jackals
  21 kobolds
  7 quokkas
  7 frilled lizards
  2 jackal skeletons
  3 quokka skeletons
  2 rats
  2 fungi
  A plant (Lair:2)
1027 creatures vanquished.

Vanquished Creatures (collateral kills)
  An acid blob (Slime:5)
  2 shining eyes (Slime:5)
  A black mamba (Snake:1)
  A floating eye (Slime:5)
5 creatures vanquished.

Vanquished Creatures (others)
  A nagaraja (Snake:2)
  3 naga sharpshooters (Snake:4)
  A cyclops (D:14)
  2 nagas (Snake:3)
  A water moccasin (Lair:6)
  A centaur (D:14)
  6 fungi
  2 plants
17 creatures vanquished.

Grand Total: 1049 creatures vanquished

Notes
Turn   | Place    | Note
-------+----------+-------------------------------------------
     0 | D:1      | Exaltedone87 the Deep Dwarf Fighter began the quest for the Orb.
     0 | D:1      | Reached XP level 1. HP: 20/20 MP: 1/1
   155 | D:1      | Reached XP level 2. HP: 27/27 MP: 2/2
   352 | D:1      | Reached skill level 1 in Dodging
   790 | D:2      | Reached XP level 3. HP: 24/33 MP: 3/3
   967 | D:2      | Found a shattered altar of Ashenzari.
   987 | D:2      | Reached skill level 3 in Axes
   996 | D:2      | Found a bloodstained altar of Trog.
  1037 | D:2      | Reached XP level 4. HP: 36/42 MP: 4/4
  1810 | D:3      | Found a hide-covered altar of Uskayaw.
  2039 | D:3      | Noticed Jessica
  2056 | D:3      | Reached XP level 5. HP: 35/49 MP: 5/5
  2065 | D:3      | Killed Jessica
  2208 | D:4      | Noticed an ogre
  2216 | D:4      | Killed an ogre
  2216 | D:4      | Reached skill level 4 in Axes
  2218 | D:4      | Reached XP level 6. HP: 43/56 MP: 6/6
  2233 | D:4      | Found a staircase to the Ecumenical Temple.
  2276 | Temple   | Entered the Ecumenical Temple
  2304 | Temple   | Became a worshipper of Makhleb the Destroyer
  2796 | D:5      | Entered Level 5 of the Dungeon
  3469 | D:6      | Reached skill level 5 in Axes
  3573 | D:6      | Noticed a sky beast
  3579 | D:6      | Killed a sky beast
  3579 | D:6      | Reached XP level 7. HP: 57/63 MP: 7/7
  3587 | D:6      | Gained mutation: You are surrounded by a mild repulsion field. (EV +2) [mutagenic meat]
  3588 | D:6      | Gained mutation: You are agile. (Dex +2) [mutagenic meat]
  3639 | D:6      | Reached skill level 5 in Armour
  3639 | D:6      | Reached skill level 5 in Shields
  3843 | D:6      | Reached skill level 6 in Axes
  3943 | D:6      | Reached XP level 8. HP: 44/72 MP: 8/8
  4206 | D:7      | Reached * piety under Makhleb
  4582 | D:7      | Reached skill level 7 in Axes
  4605 | D:7      | Found a blossoming altar of Fedhas.
  4845 | D:8      | Found a glowing golden altar of the Shining One.
  5025 | D:8      | Gained mutation: You passively map the area around you. [Deep Dwarf growth]
  5025 | D:8      | Reached XP level 9. HP: 51/80 MP: 9/9
  5053 | D:8      | Reached skill level 5 in Dodging
  5091 | D:8      | Reached skill level 5 in Fighting
  5315 | D:8      | Gained mutation: You expend magic power (3 MP) to strengthen your wands. [potion of mutation]
  5315 | D:8      | Gained mutation: You are partially covered in iridescent scales. (AC +2) [potion of mutation]
  5315 | D:8      | Lost mutation: You are agile. (Dex +2) [potion of mutation]
  5347 | D:9      | Reached skill level 8 in Axes
  5408 | D:9      | Paralysed by a hornet for 3 turns
  5475 | D:9      | Reached ** piety under Makhleb
  5577 | D:9      | Noticed a white ugly thing
  5591 | D:9      | Killed a white ugly thing
  5591 | D:9      | Reached skill level 9 in Axes
  5611 | D:9      | Noticed a troll
  5620 | D:9      | Killed a troll
  5650 | D:9      | Noticed Psyche
  5659 | D:9      | Reached XP level 10. HP: 29/91 MP: 7/10
  5665 | D:9      | Found a staircase to the Lair.
  5671 | D:9      | Killed Psyche
  5824 | D:9      | Noticed a three-headed hydra
  5910 | D:9      | Killed a three-headed hydra
  5916 | D:9      | Reached skill level 10 in Axes
  6252 | D:10     | Entered Level 10 of the Dungeon
  6425 | D:10     | Reached *** piety under Makhleb
  6586 | D:10     | Reached XP level 11. HP: 79/99 MP: 11/11
  6600 | D:10     | Noticed Harold
  6636 | D:10     | Killed Harold
  6636 | D:10     | Reached skill level 11 in Axes
  6689 | D:10     | Noticed Erolcha
  6706 | D:10     | Killed Erolcha
  6886 | D:10     | Noticed Gastronok
  6909 | D:10     | Killed Gastronok
  7289 | D:11     | Noticed Urug
  7313 | D:11     | Killed Urug
  7434 | D:11     | Reached **** piety under Makhleb
  7461 | D:11     | Reached skill level 12 in Axes
  8223 | D:12     | Reached XP level 12. HP: 110/110 MP: 12/12
  8313 | D:12     | Found a staircase to the Orcish Mines.
  8482 | D:12     | Noticed a death knight
  8517 | D:12     | Noticed a death knight
  8531 | D:12     | Reached skill level 1 in Invocations
  8568 | D:12     | Killed a death knight
  8568 | D:12     | Reached skill level 10 in Shields
  8577 | D:12     | Noticed a death knight
  8594 | D:12     | Killed a death knight
  8594 | D:12     | Reached skill level 13 in Axes
  8609 | D:12     | Killed a death knight
  8617 | D:12     | Noticed a death knight
  8637 | D:12     | Killed a death knight
  8637 | D:12     | Reached skill level 10 in Armour
  8644 | D:12     | Noticed a four-headed hydra
  8982 | D:12     | Killed a four-headed hydra
  9179 | D:12     | Reached ***** piety under Makhleb
  9532 | Orc:1    | Entered Level 1 of the Orcish Mines
 10009 | Orc:2    | Entered Level 2 of the Orcish Mines
 10448 | Orc:2    | Reached skill level 5 in Invocations
 10453 | Orc:2    | Noticed an orc high priest
 10463 | Orc:2    | Reached XP level 13. HP: 107/118 MP: 14/14
 10593 | Orc:2    | Reached skill level 14 in Axes
 10598 | Orc:2    | Found Laguam's Assorted Antiques.
 10598 | Orc:2    | Found Puca's Book Shop.
 10598 | Orc:2    | Found Xogil's General Store.
 10609 | Orc:2    | Found Inuiha Piats's General Store.
 10775 | Orc:2    | Found a staircase to the Elven Halls.
 11274 | Lair:1   | Entered Level 1 of the Lair of Beasts
 11412 | Lair:1   | Noticed Grum
 11424 | Lair:1   | Killed Grum
 11597 | Lair:1   | Noticed Hrodulf's ghost (journeyman TrBe)
 11651 | Lair:1   | Killed Hrodulf's ghost
 11750 | Lair:1   | You fall through a shaft!
 12604 | Lair:2   | Found a staircase to the Shoals.
 12907 | Lair:3   | Found a staircase to the Snake Pit.
 12920 | Lair:3   | Reached ****** piety under Makhleb
 13877 | Lair:4   | Found a frozen archway.
 13966 | Lair:4   | Reached skill level 15 in Axes
 14225 | Lair:4   | Gained mutation: You resist negative energy. (rN+) [Deep Dwarf growth]
 14225 | Lair:4   | Reached XP level 14. HP: 97/129 MP: 17/17
 15032 | Lair:6   | Entered Level 6 of the Lair of Beasts
 15202 | Lair:6   | Found a staircase to the Slime Pits.
 15592 | Lair:6   | Reached skill level 10 in Fighting
 16107 | Lair:6   | Reached skill level 16 in Axes
 16129 | Lair:6   | Paralysed by a wizard for 7 turns
 16186 | Lair:6   | Reached skill level 10 in Invocations
 16187 | Lair:6   | Found a burning altar of Makhleb.
 16225 | Lair:6   | Found a gateway to Hell.
 16256 | Lair:6   | Got a bloodstained longbow
 16965 | D:13     | Reached XP level 15. HP: 140/140 MP: 19/19
 17482 | D:14     | Found Norchas's Book Shoppe.
 17926 | D:14     | Found a bloodstained altar of Trog.
 18071 | D:14     | Found a gate to the Vaults.
 18437 | D:15     | Entered Level 15 of the Dungeon
 18680 | D:15     | Found a white marble altar of Elyvilon.
 19019 | D:15     | Found a staircase to the Depths.
 19024 | D:15     | Noticed a frost giant
 19024 | D:15     | an iron troll changed into a frost giant
 19025 | D:15     | a frost giant changed into an iron troll
 19353 | Snake:1  | Entered Level 1 of the Snake Pit
 19361 | Snake:1  | Reached skill level 17 in Axes
 19897 | Snake:2  | Reached XP level 16. HP: 150/150 MP: 13/21
 20981 | Snake:3  | Reached skill level 10 in Dodging
 20987 | Snake:3  | Found a shadowy altar of Dithmenos.
 21469 | Snake:4  | Entered Level 4 of the Snake Pit
 21469 | Snake:4  | Noticed Aizul
 21505 | Snake:4  | Killed Aizul
 22129 | Snake:4  | Identified a scroll of acquirement
 22132 | Snake:4  | Got a shimmering large shield
 22143 | Snake:4  | Identified the +13 large shield "Bojyitao" {rPois rC- rCorr Slay+6} (You acquired it on level 4 of the Snake Pit)
 22235 | Snake:4  | Reached XP level 17. HP: 162/162 MP: 21/23
 22683 | Snake:4  | Reached skill level 18 in Axes
 22727 | Snake:4  | Got a serpentine rune of Zot
 23029 | Slime:1  | Entered Level 1 of the Pits of Slime
 23031 | Slime:1  | Gained mutation: You are weak. (Str -2) [a shining eye]
 23034 | Slime:1  | Gained mutation: Your spells are a little easier to cast, but a little less powerful. [a shining eye]
 23040 | Slime:1  | Reached skill level 15 in Shields
 23043 | Slime:1  | Gained mutation: You are frail. (-10% HP) [a shining eye]
 23047 | Slime:1  | Gained mutation: Scrolls take you a little longer to read. [a shining eye]
 23193 | Slime:2  | Gained mutation: Your body sometimes deteriorates upon taking damage. [a shining eye]
 23209 | Slime:2  | Gained mutation: Scrolls take you longer to read. [a shining eye]
 23829 | Slime:3  | Noticed an acid blob
 23838 | Slime:3  | Killed an acid blob
 23845 | Slime:3  | Noticed an acid blob
 23858 | Slime:3  | Gained mutation: You are clumsy. (Dex -2) [a shining eye]
 23860 | Slime:3  | Gained mutation: Your body often deteriorates upon taking damage. [a shining eye]
 23861 | Slime:3  | Killed an acid blob
 23861 | Slime:3  | Gained mutation: You passively map a large area around you. [Deep Dwarf growth]
 23861 | Slime:3  | Reached XP level 18. HP: 88/153 MP: 25/25
 23864 | Slime:3  | Gained mutation: Your magical capacity is low. (-10% MP) [a shining eye]
 23866 | Slime:3  | Gained mutation: You are very frail. (-20% HP) [a shining eye]
 24299 | Slime:5  | Entered Level 5 of the Pits of Slime
 24303 | Slime:5  | Gained mutation: Armour fits poorly on your strangely shaped body. [a shining eye]
 24402 | Slime:5  | Lost mutation: Scrolls take you longer to read. [a shining eye]
 24406 | Slime:5  | Gained mutation: You are very weak. (Str -4) [a shining eye]
 24411 | Slime:5  | Paralysed by a floating eye for 4 turns
 24500 | Slime:5  | Gained mutation: Your magical capacity is very low. (-20% MP) [a shining eye]
 24755 | Slime:5  | Found a viscous altar of Jiyva.
 24770 | Slime:5  | Reached skill level 15 in Armour
 24965 | Slime:5  | Noticed the Royal Jelly
 24983 | Slime:4  | Gained mutation: You are occasionally teleported next to monsters. [a shining eye]
 24985 | Slime:4  | Demolished by an azure jelly

Skill      XL: |  1  2  3  4  5  6  7  8  9 10 11 12 13 14 15 16 17 18 |
---------------+-------------------------------------------------------+-----
Dodging        | 1 2 3 4 6 7 8 9 10 11 12 | 12.2
Axes           | 3 4 5 6 7 9 10 12 13 15 16 17 18 | 18.4
Fighting       | 3 4 5 6 7 8 9 10 11 12 13 | 13.6
Armour         | 4 5 6 7 8 9 10 11 12 13 14 15 | 15.0
Shields        | 4 5 6 7 8 9 10 11 12 13 14 15 16 | 16.0
Invocations    | 5 8 10 11 12 13 14 | 14.4

Action                   |  1- 3 |  4- 6 |  7- 9 | 10-12 | 13-15 | 16-18 || total
-------------------------+-------+-------+-------+-------+-------+-------++-------
Melee: War axe           |   115 |   266 |   279 |   862 |  1732 |  1140 ||  4394
       Morningstar       |       |       |       |    28 |       |       ||    28
       Eveningstar       |       |       |       |    12 |     3 |       ||    15
Throw: Throwing net      |       |       |       |     4 |       |       ||     4
Invok: Lesser Servant of |       |       |       |       |       |     1 ||     1
       Greater Servant o |       |       |       |       |       |     2 ||     2
 Abil: Device Recharging |       |       |       |     2 |     1 |       ||     3
Evoke: Wand              |     1 |     4 |     9 |    16 |     3 |     1 ||    34
  Use: Scroll            |       |    13 |     5 |    13 |     9 |     3 ||    43
       Potion            |       |       |     6 |     1 |     4 |     5 ||    16
 Stab: Sleeping          |       |       |     1 |       |       |       ||     1
       Held in net/web   |       |       |       |     5 |       |       ||     5
       Distracted        |       |       |       |     1 |     2 |     1 ||     4
  Eat: Chunk             |     1 |     8 |     4 |     4 |     8 |       ||    25
       Meat ration       |       |       |     1 |       |       |       ||     1
       Bread ration      |       |       |     1 |     2 |     5 |     3 ||    11
       Beef jerky        |       |       |     1 |       |       |       ||     1
       Fruit             |       |       |       |     2 |     4 |     9 ||    15
Armor: Scale mail        |    58 |   111 |    78 |   113 |   341 |   226 ||   927
       Plate armour      |       |       |    26 |   145 |       |       ||   171
Dodge: Dodged            |    50 |    85 |   135 |   322 |   557 |   281 ||  1430
Block: Shield            |    73 |   154 |   185 |   588 |  1169 |   390 ||  2559
       Reflection        |       |       |       |     5 |    49 |   107 ||   161
       Buckler           |       |       |       |       |     2 |       ||     2
       Large shield      |       |       |       |       |       |   890 ||   890
